 Dungeon Crawl Stone Soup version 0.29-a0-557-g43b9904bd1 (webtiles) character file.

Game seed: 17496465618614747196

440 Hubjo the Changer (level 6, -3/47 HPs)
             Began as a Demonspawn Transmuter on June 8, 2022.
             Was an Elder of Cheibriados.
             Slain by a two-headed ogre
             ... wielding a +0 giant club
              (12 damage)
             ... on level 5 of the Dungeon.
             The game lasted 00:05:47 (5271 turns).

Hubjo the Changer (Demonspawn Transmuter)           Turns: 5271, Time: 00:05:48

Health: -3/47      AC:  8    Str: 20    XL:     6   Next: 70%
Magic:  9/10       EV: 12    Int: 23    God:    Cheibriados [****..]
Gold:   367        SH:  0    Dex: 24    Spells: 10/11 levels left

rFire   . . .      SeeInvis .     - Unarmed
rCold   . . .      Faith    .   (no shield)
rNeg    . . .      Spirit   .   j - +1 swamp dragon scales
rPois   +          Reflect  .   (helmet currently unavailable)
rElec   .          Harm     .   (no cloak)
rCorr   .          Rampage  .   (no gloves)
Will    .....                   (boots currently unavailable)
Stlth   ++........              (no amulet)
HPRegen 0.15/turn               (no ring)
MPRegen 0.12/turn               (no ring)

@: mighty, appendages, very slow
A: horns 2, talons 2, demonic guardian 1, powered by pain 1, demonic touch 1
a: End Transformation, Renounce Religion, Bend Time, Temporal Distortion, Slouch


You were on level 5 of the Dungeon.
You worshipped Cheibriados.
Cheibriados was greatly pleased with you.
You had temporarily grown beastly horns and talons.
You visited 1 branch of the dungeon, and saw 5 of its levels.

You collected 367 gold pieces.

Inventory:

Armour
 a - a +0 robe
 j - +1 swamp dragon scales (worn)
Wands
 r - a wand of paralysis (10)
Scrolls
 c - a scroll of brand weapon
 e - a scroll of teleportation
 g - a scroll of amnesia
 h - a scroll of enchant weapon
 m - a scroll of fog
 n - a scroll of magic mapping
 p - 2 scrolls of identify
 q - 2 scrolls of immolation {unknown}
Potions
 b - a potion of lignification
 d - a potion of might
 f - 2 potions of cancellation
 i - a potion of attraction {unknown}
 k - 4 potions of heal wounds {unknown}
 l - a potion of ambrosia {unknown}
 o - 2 potions of curing {unknown}
 s - a potion of resistance {unknown}


   Skills:
 + Level 3.0 Fighting
 + Level 1.6 Armour
 - Level 1.7 Dodging
 + Level 2.3 Stealth
 + Level 3.6 Unarmed Combat
 + Level 3.0 Spellcasting
 * Level 3.6 Transmutations


You had 10 spell levels left.
You knew the following spells:

 Your Spells              Type           Power      Damage    Failure   Level
a - Beastly Appendage     Tmut           40%        N/A       4%          1

Your spell library contained the following spells:

 Spells                   Type           Power      Damage    Failure   Level
 Wereblood                Tmut           20%        N/A       6%          2
 Spider Form              Tmut/Pois      12%        N/A       26%         3
 Sublimation of Blood     Necr           3%         N/A       28%         2
 Ice Form                 Ice/Tmut       12%        N/A       65%         4
 Petrify                  Tmut/Erth      12%        N/A       65%         4
 Irradiate                Conj/Tmut      6%         3d15      94%         5


Dungeon Overview and Level Annotations

Branches:
Dungeon (5/15)
 Temple: D:4-7

Altars:
Cheibriados


Innate Abilities, Weirdness & Mutations

You have temporarily grown beastly horns and talons.
A weak demonic guardian rushes to your aid.
You sometimes gain a little power by taking damage.
Your touch may inflict minor irresistible damage on your foes.


Message History

You grow a pair of large bovine horns.
Your feet morph into talons.
You open the door.
There is an open door here.
Your transformation is almost over.
Your horns disappear.
Your talons disappear.
Found a stone staircase leading up.
You now have 367 gold pieces (gained 12).
A two-headed ogre comes into view. It is wielding two +0 giant clubs.
A two-headed ogre is nearby!
A two-headed ogre is nearby!
A two-headed ogre is nearby!
You grow a pair of large bovine horns.
Your feet morph into talons.
The two-headed ogre hits you with a +0 giant club!!
Ouch! That really hurt!
A demonic guardian appears!
You focus on the pain.
You feel very mighty all of a sudden. The two-headed ogre closely misses you.
You are too injured to fight recklessly!
You are too injured to fight recklessly!
You barely miss the two-headed ogre.
The two-headed ogre hits you with a +0 giant club!
* * * LOW HITPOINT WARNING * * *
The two-headed ogre barely misses you.
You punch the two-headed ogre!
You touch the two-headed ogre!
The two-headed ogre is moderately wounded.
Your white imp hits the two-headed ogre.
Your white imp freezes the two-headed ogre.
You hit the two-headed ogre.
You touch the two-headed ogre.
The two-headed ogre is heavily wounded.
The two-headed ogre barely misses you.
The two-headed ogre hits you with a +0 giant club.
* * * LOW HITPOINT WARNING * * *
Your white imp hits the two-headed ogre but does no damage.
You punch the two-headed ogre! You claw the two-headed ogre.
Your touch misses the two-headed ogre.
The two-headed ogre is severely wounded.
Your white imp hits the two-headed ogre.
Your white imp freezes the two-headed ogre.
The two-headed ogre hits you with a +0 giant club!
You die...

#........##.## ....
#......#.##.# ....
######.#..#.# ...
###.##.#.##
###..#######..........
..............###..##
#####..#######.###
#..# ....<.5##### #.#
##.## #..O@...###'###
#..# #..####.##....#
#... #. #.##....# ##.#
.. #.##....# ##.. ..
#.##....# #... ..
#.##....# #.#. .
#.###'### #..< #.# #.#
#... #.# #.# #..[


You could see a two-headed ogre (ally target) and a friendly white imp
(summoned).

Vanquished Creatures
  An ice beast (D:4)
  An ogre (D:5)
  A scorpion (D:5)
  2 hounds (D:5)
  6 adders
  2 worms
  4 dart slugs
  3 orcs (D:4)
  8 ball pythons
  9 bats
  8 endoplasms
  3 giant cockroaches
  5 goblins
  8 hobgoblins
  2 quokkas
  6 frilled lizards
  4 kobolds
  6 rats
79 creatures vanquished.

Notes
Turn   | Place    | Note
-------+----------+-------------------------------------------
     0 | D:1      | Hubjo the Demonspawn Transmuter began the quest for the
                  | Orb.
     0 | D:1      | Reached XP level 1. HP: 15/15 MP: 3/3
   529 | D:1      | Gained mutation: A weak demonic guardian rushes to your
                  | aid. [demonic ancestry]
   529 | D:1      | Reached XP level 2. HP: 21/21 MP: 3/5
   809 | D:1      | Found a faded altar of an unknown god.
   829 | D:1      | Prayed at the altar of an unknown god.
   829 | D:1      | Became a worshipper of Cheibriados the Contemplative
   829 | D:1      | Reached * piety under Cheibriados
  1398 | D:1      | Reached XP level 3. HP: 13/27 MP: 4/6
  1720 | D:2      | Reached ** piety under Cheibriados
  1737 | D:2      | Reached skill level 1 in Stealth
  2175 | D:2      | Discovered your monstrous ancestry.
  2175 | D:2      | Gained mutation: Your touch may inflict minor irresistible
                  | damage on your foes. [demonic ancestry]
  2175 | D:2      | Reached XP level 4. HP: 30/33 MP: 7/7
  2449 | D:2      | Found the +6 shillelagh "Devastator" {shatter}
  2711 | D:3      | Reached *** piety under Cheibriados
  3682 | D:4      | Noticed an ice beast
  3689 | D:4      | Killed an ice beast
  3690 | D:4      | Reached skill level 1 in Armour
  3690 | D:4      | Gained mutation: You sometimes gain a little power by
                  | taking damage. [demonic ancestry]
  3690 | D:4      | Reached XP level 5. HP: 2/39 MP: 6/8
  4720 | D:5      | Entered Level 5 of the Dungeon
  4851 | D:5      | Noticed an ogre
  4861 | D:5      | Killed an ogre
  4861 | D:5      | Reached **** piety under Cheibriados
  4862 | D:5      | Reached XP level 6. HP: 46/46 MP: 10/10
  5264 | D:5      | Noticed a two-headed ogre
  5271 | D:5      | Slain by a two-headed ogre

Illustrated notes

Levels and vault maps discovered:
D:1:      nicolae_arrival_somewhat_less_tricky_arrival, layout_basic,
          ebering_ecumenical_altar_box, amcnicky_mini_rare_corridor_liquid
D:2:      layout_rooms
D:3:      layout_basic
D:4:      layout_cave_pods
D:5:      layout_basic, kennysheep_generic_room_4

Skill      XL: |  1  2  3  4  5  6 |
---------------+-------------------+-----
Transmutations | 2 3 |  3.6
Fighting       | 2 3 |  3.0
Stealth        | 1 2 |  2.3
Unarmed Combat | 3 |  3.6
Armour         | 1 |  1.6
Spellcasting   | 3 |  3.0
Dodging        | |  1.7

Action                   |  1- 3 |  4- 6 || total
-------------------------+-------+-------++-------
Melee: Unarmed           |   108 |    82 ||   190
       Kick              |    24 |    32 ||    56
       Headbutt          |     8 |    19 ||    27
       Punch             |     3 |     3 ||     6
       Touch             |       |    18 ||    18
 Cast: Beastly Appendage |    30 |    33 ||    63
  Use: Scroll            |     1 |     8 ||     9
       Potion            |       |     1 ||     1
 Stab: Sleeping          |     6 |     3 ||     9
Armor: Robe              |    39 |       ||    39
       Swamp dragon scal |       |    34 ||    34
Dodge: Dodged            |    88 |    49 ||   137

Table legend: (Time is in decaauts)
 A = Elapsed time spent in this place.
 B = Non-inter-level travel time spent in this place.
 C = Inter-level travel time spent in this place.
 D = Time resting spent in this place.
 E = Time spent auto-exploring this place.
 F = Levels seen in this place.
 G = Mean time per level.
                   A        B        C        D        E       F      G
               +--------+--------+--------+--------+--------+-----+--------+
         Total |   6851 |   6580 |    271 |      0 |   5815 |   5 | 1370.2 |
       Dungeon |   6851 |   6580 |    271 |      0 |   5815 |   5 | 1370.2 |
               +--------+--------+--------+--------+--------+-----+--------+

Top non-repeatable levels by time:
     D:1: 1845 daAuts
     D:4: 1677 daAuts
     D:3: 1511 daAuts
     D:2: 1027 daAuts
     D:5: 789 daAuts
